 Dungeon Crawl Stone Soup version 0.17-a0-670-g5d95ebd (console) character file.

35123 Fusha the Covert (level 13, -4/111 HPs)
             Began as a Ghoul Wanderer on Apr 18, 2015.
             Was an Elder of Dithmenos.
             Shot with a poisoned arrow by Nessos (19 damage)
             ... on level 8 of the Lair of Beasts on Apr 19, 2015.
             The game lasted 02:25:23 (27594 turns).

Fusha the Covert (Ghoul Wanderer)                  Turns: 27594, Time: 02:25:23

Health: -4/111     AC:  7    Str: 14    XL:     13   Next: 81%
Magic:  8/8        EV: 18    Int:  6    God:    Dithmenos [****..]
Gold:   623        SH:  6    Dex: 19    Spells: 0 memorised, 12 levels left

rFire  . . .     SeeInvis .     a - +4 short sword {antimagic, +Inv rElec Dex+3}
rCold  + + .     Clarity  .     w - +0 leather armour
rNeg   + + +     SustAb   .     K - +0 buckler
rPois  ∞         Gourm    .     r - +0 helmet
rElec  +         Spirit   .     (no cloak)
rCorr  .         Warding  .     R - +0 pair of gloves
rMut   .         Stasis   .     L - +1 pair of boots
MR     .....                    (no amulet)
Stlth  +++++++++.               o - ring of protection from cold
                                z - ring of magical power

@: rotting, wreathed by umbra, not resistant to hostile enchantments, incredibly
stealthy
A: rotting body, claws 1, carnivore 3, cold resistance 1, negative energy
resistance 3, slow healing 1, torment resistance, unbreathing
a: Shadow Step, Renounce Religion, Evoke Invisibility


You were on level 8 of the Lair of Beasts.
You worshipped Dithmenos.
Dithmenos was greatly pleased with you.
You were not hungry.

You visited 4 branches of the dungeon, and saw 22 of its levels.
You also visited: Sewer.

You collected 2013 gold pieces.
You spent 713 gold pieces at shops.

Inventory:

Hand weapons
 a - the +4 short sword "Wyfonlae" (weapon) {antimagic, +Inv rElec Dex+3}
   (You bought it in a shop on level 5 of the Dungeon)

   It disrupts the flow of magical energy around spellcasters and certain
   magical creatures (including the wielder).
   It affects your dexterity (+3).
   It insulates you from electricity.
   It lets you turn invisible.
 b - a +1 blowgun
 c - a +0 hunting sling
 g - a +0 halberd
Missiles
 h - 51 sling bullets
 n - 454 stones
 y - 70 poisoned needles
 E - 7 curare-tipped needles
 G - a throwing net (quivered)
Armour
 r - a +0 helmet (worn)
 w - a +0 leather armour (worn)
 x - a +0 robe
 K - a +0 buckler (worn)
 L - a +1 pair of boots (worn)
 R - a +0 pair of gloves (worn)
Rods
 d - a +1 rod of the swarm (14/14)
   (You found it on level 4 of the Lair of Beasts)
Jewellery
 e - an uncursed ring of positive energy
 k - an uncursed ring of poison resistance
 o - a ring of protection from cold (right hand)
 z - a ring of magical power (left hand)
 H - a +3 ring of intelligence
Magical devices
 p - a wand of disintegration (0)
 t - a wand of hasting (3)
 I - a wand of invisibility (0)
 J - a wand of frost (31)
 O - a wand of paralysis (0)
 S - a wand of digging (11)
 T - a wand of slowing (17)
 V - a wand of frost (28)
Scrolls
 l - 8 scrolls of remove curse
 q - a scroll of summoning
 B - 2 scrolls of teleportation
 N - 2 scrolls of amnesia
 P - a scroll of noise
 U - a scroll of holy word {unknown}
 Y - a scroll of recharging
Potions
 s - 2 potions of cancellation
 C - a potion of flight
 D - a potion of brilliance
 X - a potion of haste
Books
 A - a book of the Tempests

   Spells                             Type                      Level
   a - Static Discharge               Conjuration/Air              3
   b - Lightning Bolt                 Conjuration/Air              5
   c - Fireball                       Conjuration/Fire             5
   d - Tornado                        Air                          9
   e - Shatter                        Earth                        9
 F - a book of Ice

   Spells                             Type                      Level
   a - Ice Form                       Ice/Transmutation            4
   b - Metabolic Englaciation         Hexes/Ice                    5
   c - Ozocubu's Refrigeration        Ice                          6
   d - Bolt of Cold                   Conjuration/Ice              6
   e - Freezing Cloud                 Conjuration/Ice/Air          6
   f - Simulacrum                     Ice/Necromancy               6
Miscellaneous
 j - a fan of gales
 W - a phantom mirror
Comestibles
 f - 13 meat rations
 i - a slice of pizza
 m - 2 royal jellies
 v - 2 beef jerkies
 M - 5 chunks of flesh


   Skills:
 + Level 9.4 Fighting
 * Level 11.4 Short Blades
   Level 1.0 Staves
 - Level 6.0 Slings
 + Level 7.8 Dodging
 * Level 14.6 Stealth
 - Level 4.9 Shields
 - Level 6.0 Invocations
 - Level 1.0 Evocations


You had 12 spell levels left.
You didn't know any spells.

Dungeon Overview and Level Annotations

Branches:
Dungeon (10/15)            Temple (1/1) D:6            Lair (8/8) D:8
 Shoals (0/5) Lair:6       Spider (0/5) Lair:6        Slime (0/6) Lair:7
    Orc (3/4) D:10            Elf (0/3) Orc:3

Altars:
Ashenzari
Cheibriados
Dithmenos
Elyvilon
Fedhas
Gozag
Kikubaaqudgha
Makhleb
Nemelex Xobeh
Okawaru
Qazlal
Ru
Sif Muna
Trog
Vehumet
Xom
Yredelemnul
Zin
The Shining One
Beogh

Shops:
D:5 :!(   D:9 !   Orc:2 (   Orc:3 [

Annotations:
D:7 barthelme's ghost, experienced TrBe
Lair:5 exclusion: ice statue
Lair:8 Nessos


Innate Abilities, Weirdness & Mutations

Your body is rotting away.
You thrive on raw meat.
You are immune to poison.
You have sharp fingernails.
You are carnivorous and can eat meat at any time.
Your flesh is cold resistant.
You are immune to negative energy.
You heal slowly when monsters are visible.
You are immune to unholy pain and torment.
You can survive without breathing.


Message History

Here: Nessos, wielding a longbow of flaming and wearing a centaur barding (heavily wounded, fast, umbra)
The floor.
Evoke which item? (* to show all) (? for menu, Esc to quit)
That item cannot be evoked!
Evoke which item? (* to show all) (? for menu, Esc to quit)
Zapping:
I - a wand of invisibility {zapped: 3} (will waste charges)
Press: ? - help, Shift-Dir - straight line, f - you Nothing appears to happen.
Nessos shoots a poisoned arrow.
The poisoned arrow completely misses you.
The poisoned arrow hits the plant.
The poisoned arrow burns the plant.
The plant is poisoned.
Nessos shoots a poisoned arrow.
You block the poisoned arrow.
Quiver which item? (- for none, * to show all) (? for menu, Esc to quit)
Okay, then.
Drink which item? (? for menu, Esc to quit)
Okay, then.
Xiadir hits Nessos from afar with a trident of flaming.
Xiadir burns Nessos.
Nessos shoots a poisoned arrow.
The poisoned arrow hits you!!
You die...

....PPP## ###### ##...
.....PP..###P##.# #....
.........##.#...## ##...
P......§.(.§...### ###..
PPPP....§cP......####....
..P.PP...(..m......##.....
........(.(........#.P....
...=....()...(............
...#..P..@...#P.........#.
#...P...............##.
##...P............P.###
#P....................##
#.P...................#.
..P........†..........P.
../....P....##..........
.......P)....##........#
Y...P..#########.......


You could see Nessos and the friendly Xiadir the merfolk impaler.

Vanquished Creatures
  Josephine (Lair:8)
  2 hydras
  A fire crab (Lair:8)
  Pikel (D:6)
  A griffon (Lair:2)
  5 black mambas
  An eye of devastation (Lair:7)
  2 elephants (Lair:8)
  Joseph (D:7)
  7 spiny frogs
  A torpor snail (Lair:4)
  6 komodo dragons
  A polar bear (Lair:5)
  2 fire drakes (Lair:5)
  10 blink frogs
  A wraith (D:10)
  2 wyverns
  2 trapdoor spiders (Lair:6)
  A deep elf mage (D:6)
  14 yaks
  9 wolves
  2 hippogriffs
  A hungry ghost (D:9)
  3 wargs
  2 humans (D:8)
  8 water moccasins
  8 orc warriors
  2 black bears (D:9)
  3 ice beasts
  7 iguanas
  10 porcupines
  3 sky beasts
  An eye of draining (Lair:7)
  A necrophage (D:5)
  9 ogres
  5 centaurs
  12 crocodiles
  20 big kobolds
  12 giant frogs
  A wyvern zombie (D:7)
  3 scorpions
  A goliath beetle (D:8)
  A centaur zombie (D:8)
  An electric eel (Lair:6)
  9 orc priests
  4 crimson imps
  9 hounds
  6 jellies
  A centaur skeleton (D:9)
  2 giant frog skeletons
  4 worker ants
  A sheep (Lair:7)
  10 orc wizards
  2 killer bee zombies (D:7)
  A hound skeleton (D:8)
  Robin (D:2)
  8 adders
  10 gnolls
  33 river rats
  2 shadow imps
  3 oozes
  2 adder zombies
  2 adder skeletons
  3 worms
  10 giant geckos
  103 orcs
  18 bats
  A bat skeleton (D:4)
  6 giant cockroaches
  21 goblins
  12 hobgoblins
  3 quokkas
  A giant gecko skeleton (D:7)
  6 giant newts
  A giant spore (D:8)
  46 kobolds
  20 rats
  7 ballistomycetes (D:8)
  A plant (Lair:2)
556 creatures vanquished.

Vanquished Creatures (collateral kills)
  2 dire elephants (Lair:6)
  2 hydras
  5 elephants
  5 polar bears (Lair:5)
  6 blink frogs
  A boulder beetle (Lair:4)
  2 trapdoor spiders (Lair:6)
  14 yaks
  5 wraiths (Lair:8)
  3 hippogriffs
  2 porcupines
  2 wolves (Lair:4)
  A water moccasin (Lair:7)
  6 ice beasts (Lair:5)
  A centaur (Lair:6)
  A crocodile (Lair:5)
  2 giant frogs
  An electric eel (Lair:8)
  2 iguanas
  4 sheep (Lair:7)
  30 river rats
  A white imp (Lair:5)
  2 plants
100 creatures vanquished.

Vanquished Creatures (others)
  A naga mage (Lair:5)
  A big kobold (Lair:4)
  A vampire mosquito (Lair:4)
  A naga (Lair:5)
  3 slaves (D:7)
  A jelly (D:7)
  A worker ant (Lair:4)
  An adder skeleton (D:7)
  A goblin (D:7)
  A bat (D:7)
  3 fungi
  2 plants
  11 toadstools (Lair:6)
28 creatures vanquished.

Grand Total: 684 creatures vanquished

Notes
Turn   | Place    | Note
--------------------------------------------------------------
     0 | D:1      | Fusha, the Ghoul Wanderer, began the quest for the Orb.
     0 | D:1      | Fusha set off with: a +2 dagger, a potion of heal wounds, 2 potions of curing, a +0 robe, a meat ration
     0 | D:1      | Reached XP level 1. HP: 17/17 MP: 0/0
   186 | D:1      | Reached XP level 2. HP: 15/25 MP: 1/1
   372 | D:1      | Reached XP level 3. HP: 30/30 MP: 2/2
   943 | D:2      | Reached skill level 5 in Stealth
   949 | D:2      | Found an ancient bone altar of Kikubaaqudgha.
   987 | D:1      | Reached XP level 4. HP: 25/37 MP: 3/3
  1875 | D:2      | Reached XP level 5. HP: 45/45 MP: 4/4
  2512 | D:2      | Noticed Robin
  2570 | D:2      | Killed Robin
  3066 | D:3      | Reached XP level 6. HP: 17/51 MP: 5/5
  3135 | D:3      | Found a glowing drain.
  3329 | Sewer    | Entered a sewer
  3580 | Sewer    | Reached skill level 1 in Slings
  3580 | Sewer    | Reached skill level 6 in Stealth
  3819 | Sewer    | Reached XP level 7. HP: 55/58 MP: 6/6
  4173 | D:3      | Found a shattered altar of Ashenzari.
  4303 | D:4      | Found a glowing silver altar of Zin.
  4956 | D:4      | Found a bloodstained altar of Trog.
  5191 | D:5      | Entered Level 5 of the Dungeon
  5191 | D:5      | Found Geleq's Distillery.
  5209 | D:5      | Bought 2 potions of curing for 60 gold pieces
  5209 | D:5      | Bought a potion of heal wounds for 50 gold pieces
  5209 | D:5      | Bought a potion of heal wounds for 50 gold pieces
  5298 | D:5      | Found a shadowy altar of Dithmenos.
  5328 | D:5      | Reached skill level 7 in Stealth
  5328 | D:5      | Reached XP level 8. HP: 48/66 MP: 7/7
  5370 | D:5      | Found Xohaj's Book Boutique.
  5543 | D:5      | Found Fuvul's Weapon Boutique.
  6030 | D:5      | Reached skill level 1 in Shields
  6169 | D:6      | Reached skill level 5 in Short Blades
  6598 | D:6      | Reached skill level 8 in Stealth
  7097 | D:6      | Found a staircase to the Ecumenical Temple.
  7108 | Temple   | Entered the Ecumenical Temple
  7262 | D:5      | Became a worshipper of Dithmenos the Shadowed
  7290 | D:5      | Reached skill level 5 in Fighting
  7554 | D:6      | Reached XP level 9. HP: 62/73 MP: 8/8
  7715 | D:6      | Found a blossoming altar of Fedhas.
  8009 | D:7      | Found a sacrificial altar of Ru.
  8009 | D:7      | Noticed barthelme's ghost (experienced TrBe)
  8841 | D:7      | Noticed Pikel
  8867 | D:7      | Paralysed by Pikel for 2 turns
  8872 | D:7      | Paralysed by Pikel for 5 turns
  8888 | D:6      | Paralysed by Pikel for 7 turns
  8903 | D:6      | Killed Pikel
  8903 | D:6      | Reached skill level 9 in Stealth
  8973 | D:7      | Found a burning altar of Makhleb.
  9906 | D:7      | Noticed Joseph
  9939 | D:7      | Killed Joseph
  9939 | D:7      | Reached XP level 10. HP: 38/82 MP: 9/9
 10142 | D:7      | Found a deep blue altar of Sif Muna.
 10769 | D:7      | Acquired Dithmenos's first power
 10842 | D:8      | Found a staircase to the Lair.
 11089 | D:8      | Reached skill level 1 in Invocations
 11170 | D:8      | Found a snail-covered altar of Cheibriados.
 11555 | D:8      | Found an iron altar of Okawaru.
 11933 | D:8      | Reached skill level 10 in Stealth
 12050 | D:8      | Reached skill level 5 in Dodging
 12096 | D:8      | Acquired Dithmenos's second power
 12635 | Lair:1   | Entered Level 1 of the Lair of Beasts
 13135 | D:8      | HP: 3/82 [wolf (11)]
 13694 | D:9      | Found a deep blue altar of Sif Muna.
 13812 | D:9      | Found a white marble altar of Elyvilon.
 14189 | D:9      | Found Ejiul's Distillery.
 14426 | D:9      | Reached XP level 11. HP: 68/91 MP: 12/12
 14717 | D:9      | Found an opulent altar of Gozag.
 14724 | D:9      | Reached skill level 5 in Slings
 14772 | D:10     | Entered Level 10 of the Dungeon
 15354 | D:10     | Found a staircase to the Orcish Mines.
 15540 | Orc:1    | Entered Level 1 of the Orcish Mines
 17146 | Orc:3    | Reached skill level 11 in Stealth
 17180 | Orc:3    | Found a staircase to the Elven Halls.
 17192 | Orc:2    | Found Othriec's Antique Weapon Boutique.
 17194 | Orc:2    | Noticed an orc knight
 17310 | Orc:3    | Found Bewkiall's Antique Armour Emporium.
 17447 | Orc:3    | Found a roughly hewn altar of Beogh.
 18333 | Orc:3    | Noticed a deep elf knight
 18895 | D:5      | Bought the +4 short sword "Wyfonlae" {antimagic, +Inv rElec Dex+3} for 553 gold pieces
 19548 | Lair:1   | Acquired Dithmenos's third power
 20021 | Lair:1   | Noticed an eight-headed hydra
 21299 | Lair:2   | Reached skill level 12 in Stealth
 21341 | Lair:2   | Reached XP level 12. HP: 70/100 MP: 4/13
 21342 | Lair:2   | Noticed a five-headed hydra
 21868 | Lair:2   | Noticed a six-headed hydra
 21872 | Lair:2   | Hired Tyat the big kobold for 98 gold.
 21875 | Lair:2   | Killed a six-headed hydra
 22803 | Lair:4   | Found a labyrinth entrance.
 22962 | Lair:4   | Identified a +1 rod of the swarm (14/14) (You found it on level 4 of the Lair of Beasts)
 23176 | Lair:4   | Noticed a seven-headed hydra
 23188 | Lair:4   | Killed a seven-headed hydra
 23455 | Lair:4   | Your ally Tyat died
 23462 | Lair:4   | Hired Qudghexke the naga for 137 gold.
 23582 | Lair:4   | Reached skill level 10 in Short Blades
 24307 | Lair:5   | Hired Xiadir the merfolk for 303 gold.
 24389 | Lair:5   | Reached skill level 13 in Stealth
 24517 | Lair:5   | Your ally Qudghexke died
 24750 | Lair:5   | Hired Zapuine Doum the naga for 139 gold.
 24842 | Lair:5   | Reached skill level 5 in Invocations
 24925 | Lair:5   | Your ally Zapuine Doum died
 25604 | Lair:6   | Found a staircase to the Shoals.
 25620 | Lair:6   | Reached XP level 13. HP: 99/108 MP: 8/15
 25723 | Lair:6   | Found a hole to the Spider Nest.
 25983 | Lair:6   | Noticed a four-headed hydra
 25992 | Lair:6   | Killed a four-headed hydra
 26416 | Lair:6   | Noticed a dire elephant
 26416 | Lair:6   | Noticed a dire elephant
 26420 | Lair:6   | Killed a dire elephant
 26421 | Lair:6   | Killed a dire elephant
 26603 | Lair:7   | Found a staircase to the Slime Pits.
 26660 | Lair:7   | Reached skill level 14 in Stealth
 27297 | Lair:8   | Entered Level 8 of the Lair of Beasts
 27460 | Lair:8   | Noticed Josephine
 27465 | Lair:8   | Killed Josephine
 27573 | Lair:8   | Noticed Nessos
 27590 | Lair:8   | HP: 3/111 [Nessos/poisoned arrow (6)]
 27594 | Lair:8   | Shot with a poisoned arrow by Nessos

Action                   |  1- 3 |  4- 6 |  7- 9 | 10-12 | 13-15 || total
-------------------------+-------+-------+-------+-------+-------++-------
Melee: Dagger            |    91 |   252 |    85 |    19 |       ||   447
       Halberd           |       |    57 |       |       |       ||    57
       Falchion          |       |       |   487 |  1079 |       ||  1566
       Short sword       |       |       |       |   858 |   193 ||  1051
 Fire: Hunting sling     |     7 |    14 |    36 |    81 |     1 ||   139
       Blowgun           |       |       |    14 |    65 |     1 ||    80
Throw: Throwing net      |       |     1 |     7 |       |       ||     8
Invok: Shadow Step       |       |       |       |    14 |     7 ||    21
Evoke: Wand              |       |       |       |    11 |     1 ||    12
       Deck              |       |       |       |     5 |       ||     5
       Rod               |       |       |       |     2 |       ||     2
  Use: Potion            |     2 |     4 |     6 |    20 |     2 ||    34
       Scroll            |       |     4 |     1 |    19 |     3 ||    27
 Stab: Sleeping          |     7 |     7 |    15 |    44 |    31 ||   104
       Distracted        |       |       |     1 |    13 |     4 ||    18
       Held in net/web   |       |       |     1 |       |     1 ||     2
       Paralysed         |       |       |       |     6 |       ||     6
       Invisible         |       |       |       |     7 |       ||     7
  Eat: Chunk             |     8 |    33 |    42 |   161 |    20 ||   264
       Beef jerky        |       |       |     1 |       |       ||     1
